 Dungeon Crawl Stone Soup version 0.30.1 (webtiles) character file.

Game seed: 255576424682954603

495 AgateBread the Digger (level 7, 0/59 HPs)
             Began as an Ogre Earth Elementalist on July 7, 2023.
             Was an Initiate of Gozag.
             Slain by a black bear (6 damage)
             ... on level 5 of the Dungeon.
             The game lasted 00:21:01 (6364 turns).

AgateBread the Digger (Ogre Earth Elementalist)     Turns: 6364, Time: 00:21:01

Health: 0/59       AC:  5    Str: 15    XL:     7   Next: 15%
Magic:  9/19       EV:  9    Int: 18    God:    Gozag
Gold:   51         SH:  0    Dex:  9    Spells: 6/10 levels left

rFire   . . .        c - +2 hand axe (venom)
rCold   . . .        A - orb {light}
rNeg    + . .        a - +0 robe
rPois   +            (helmet restricted)
rElec   .            B - +1 cloak of Xaupp {rPois Str+2}
rCorr   .            (gloves unavailable)
SInv    .            (boots unavailable)
Will    .....        (no amulet)
Stlth   +            k - ring of positive energy
HPRegen 0.29/turn    e - ring of magical power
MPRegen 0.16/turn

%: no passive effects
@: glowing
A: large, unfitting armour, tough skin 1
a: Renounce Religion, Potion Petition, Call Merchant, Bribe Branch


You were on level 5 of the Dungeon.
You worshipped Gozag.
Gozag was noncommittal.
You visited 2 branches of the dungeon, and saw 6 of its levels.

You collected 367 gold pieces.
You spent 248 gold pieces at shops.
You paid 68 gold pieces to Gozag.

Inventory:

Hand Weapons
 c - a +2 hand axe of venom (weapon)
 v - a +0 dagger of electrocution
Missiles
 j - 3 boomerangs
Armour
 a - a +0 robe (worn)
 q - a +0 tower shield
 A - an orb of light (worn)
 B - the +1 cloak of Xaupp (worn) {rPois Str+2}
   (You bought it in a shop on level 5 of the Dungeon)

   Str:       It affects your strength (+2).
   rPois:     It protects you from poison.
Jewellery
 e - a ring of magical power (right hand)
 k - a ring of positive energy (left hand)
 l - a ring of fire
Scrolls
 i - a scroll of teleportation
 n - a scroll of silence
 o - 4 scrolls of magic mapping
 p - a scroll of fog
 r - a scroll of poison {unknown}
 s - a scroll of vulnerability {unknown}
 t - a scroll of enchant armour {unknown}
 w - a scroll of fear {unknown}
 x - a scroll of blinking {unknown}
 y - a scroll of acquirement {unknown}
Potions
 b - a potion of magic
 f - 4 potions of might
 g - 6 potions of curing
 h - a potion of attraction
 m - a potion of haste
 u - a potion of mutation {unknown}
 z - a potion of flight {unknown}


   Skills:
 - Level 1.7 Dodging
 - Level 1.4 Stealth
 + Level 3.2 Shields
 - Level 2.4 Spellcasting
 + Level 2.7 Conjurations
 - Level 0.8 Transmutations
 + Level 5.6 Earth Magic


You had 6 spell levels left.
You knew the following spells:

 Your Spells              Type           Power      Damage    Failure   Level
a - Sandblast             Erth           44%        2d11      1%          1
b - Stone Arrow           Conj/Erth      34%        3d9       10%         3

Your spell library contained the following spells:

 Spells                   Type           Power      Damage    Failure   Level
 Passwall                 Tmut/Erth      10%        N/A       7%          2
 Apportation              Tloc           4%         N/A       17%         1
 Necrotise                Necr           8%         1d4       17%         1
 Summon Small Mammal      Summ           8%         N/A       17%         1
 Petrify                  Tmut/Erth      13%        N/A       41%         4
 Gell's Gravitas          Tloc           2%         N/A       45%         3
 Ozocubu's Armour         Ice            2%         N/A       45%         3
 Teleport Other           Tloc           2%         N/A       45%         3
 Summon Lightning Spire   Summ/Air       2%         N/A       86%         4
 Dispersal                Tloc           1%         N/A       100%        6
 Ozocubu's Refrigeration  Ice            1%         4d7       100%        7
 Storm Form               Tmut/Air       1%         N/A       100%        7
 Maxwell's Capacitive Co  Air            1%         ∞         100%        8


Dungeon Overview and Level Annotations

Branches:
Dungeon (5/15)             Temple (1/1) D:4

Altars:
Cheibriados
Dithmenos
Fedhas
Gozag
Hepliaklqana
Kikubaaqudgha
Makhleb
Nemelex Xobeh
Okawaru
Qazlal
Ru
Trog
Uskayaw
Vehumet
Xom
Yredelemnul
Zin

Shops:
D:2 [   D:5 [


Innate Abilities, Weirdness & Mutations

You are too large for most types of armour.
You have tough skin. (AC +1)


Message History

Aim: a gnoll, wielding a +0 flail (covering ground quickly, haloed, 88% to hit)
The blast of sand hits the gnoll!
The gnoll is severely wounded.
The black bear growls angrily.
The gnoll barely misses you. x2
You hit the gnoll.
You kill the gnoll!
The black bear is no longer distracted by gold.
You hit the black bear.
The black bear is poisoned.
The black bear is lightly wounded.
The black bear bites you. The black bear claws you.
The black bear claws you but does no damage.
You hit the black bear.
The black bear looks as sick as possible!
The black bear is moderately wounded.
The black bear barely misses you. The black bear claws you. x2
Aiming: Sandblast (safe; 1% risk of failure)
Press: ? - help, Q - select action, (/) - cycle Shift-Dir - straight line, f - black bear
Aim: a black bear (moderately wounded, extremely poisoned, haloed, 90% to hit)
The blast of sand hits the black bear!
The black bear is severely wounded.
The black bear goes berserk!
The black bear barely misses you. The black bear claws you.
The black bear barely misses you.
The black bear attacks as you move away!
The black bear bites you.
* * * LOW HITPOINT WARNING * * *
The black bear closely misses you. The black bear barely misses you.
The black bear rages.
You barely miss the black bear.
The black bear is almost dead.
The black bear bites you but does no damage.
The black bear closely misses you. The black bear claws you.
* * * LOW HITPOINT WARNING * * *
The black bear bites you!
* * * LOW HITPOINT WARNING * * *
The black bear claws you.
* * * LOW HITPOINT WARNING * * *
The black bear claws you.
You die...
Your body crumbles into a pile of gold.

##########
#.....$..#########
#..........$w5h@.#
##..######..#.###.#
.$..# #.#.#.# .#
###.# .h....?# .# #
#..# .......## .#
#..#.)?.#..## .#
##..###._.## ## #..
##.## #.. #.#


You could see a black bear (berserk, very poisoned), a white imp and a dart
slug.

Vanquished Creatures
  An ogre (D:4)
  2 phantoms
  A gnoll bouda (D:5)
  2 iguanas
  4 adders
  A gnoll (D:5)
  2 shadow imps (D:5)
  2 ufetubi (D:5)
  3 worms
  2 dart slugs
  7 orcs
  5 bats (D:1)
  7 endoplasms
  3 giant cockroaches
  6 goblins
  9 hobgoblins
  8 jackals
  5 quokkas
  5 ball pythons
  4 frilled lizards
  12 kobolds
  A rat (D:1)
92 creatures vanquished.

Notes
Turn   | Place    | Note
-------+----------+-------------------------------------------
     0 | D:1      | AgateBread the Ogre Earth Elementalist began the quest for
                  | the Orb.
     0 | D:1      | Reached XP level 1. HP: 16/16 MP: 3/3
    54 | D:1      | Reached skill level 3 in Earth Magic
   111 | D:1      | Reached XP level 2. HP: 24/24 MP: 1/5
   852 | D:1      | Reached XP level 3. HP: 28/31 MP: 6/6
  1434 | D:2      | Reached skill level 4 in Earth Magic
  1924 | D:2      | Reached XP level 4. HP: 39/39 MP: 7/7
  1986 | D:2      | Found Uvouwk's Armour Shoppe.
  2010 | D:2      | Bought a +0 tower shield for 49 gold pieces
  2014 | D:2      | Learned a level 3 spell: Stone Arrow
  3919 | D:3      | Reached XP level 5. HP: 36/45 MP: 4/8
  4546 | D:3      | Reached skill level 1 in Shields
  4600 | D:4      | Noticed an ogre
  4612 | D:4      | Killed an ogre
  4613 | D:4      | Reached skill level 1 in Conjurations
  4613 | D:4      | Reached skill level 5 in Earth Magic
  4803 | D:4      | Found a staircase to the Ecumenical Temple.
  5084 | Temple   | Entered the Ecumenical Temple
  5349 | Temple   | Became a worshipper of Gozag Ym Sagoz the Greedy
  5570 | D:4      | Noticed a phantom
  5579 | D:4      | Killed a phantom
  5580 | D:4      | Reached XP level 6. HP: 48/53 MP: 9/9
  5755 | D:4      | Found an ancient bone altar of Kikubaaqudgha.
  5961 | D:5      | Entered Level 5 of the Dungeon
  6203 | D:5      | Found Kitse's Antique Armour Emporium.
  6212 | D:5      | Bought a slimy cloak for 199 gold pieces
  6212 | D:5      | Identified the +1 cloak of Xaupp {rPois Str+2} (You bought
                  | it in a shop on level 5 of the Dungeon)
  6333 | D:5      | Noticed a black bear
  6342 | D:5      | Reached XP level 7. HP: 52/59 MP: 10/10
  6346 | D:5      | Found a snail-covered altar of Cheibriados.
  6364 | D:5      | Slain by a black bear

Illustrated notes

Levels and vault maps discovered:
D:1:      reono_arrival_forest_river, layout_basic, minmay_tripent
D:2:      layout_loops_corners, serial_shops, nicolae_shop_scrapyard,
          minivault_19
D:3:      layout_rooms, serial_curves, eino_curves_03, eino_curves_02
D:4:      layout_cave_pools, kiku_gazebo_pond_becter, temple_pool_b,
          wad_floor_pattern_1
D:5:      layout_basic, nicolae_ashenzari_skybound, serial_shops,
          nicolae_shop_window_shopping, minmay_ruined_shrine
Temple:   nicolae_temple_slightly_damp_pantheon

Skill      XL: |  1  2  3  4  5  6 |
---------------+-------------------+-----
Earth Magic    | 3 4 5 |  5.6
Shields        | 2 3 |  3.2
Conjurations   | 2 |  2.7
Dodging        | |  1.7
Stealth        | |  1.4
Spellcasting   | |  2.4
Transmutations | |  0.8

Action                     |  1- 3 |  4- 6 |  7- 9 || total
---------------------------+-------+-------+-------++-------
  Melee: Hand axe          |    30 |    69 |     4 ||   103
   Cast: Sandblast         |    49 |    66 |    11 ||   126
    Use: Potion            |     1 |       |       ||     1
         Scroll            |       |     8 |       ||     8
   Stab: Sleeping          |       |     2 |       ||     2
         Distracted        |       |     1 |       ||     1
 Armour: Robe              |    18 |    18 |     2 ||    38
  Dodge: Dodged            |    20 |    65 |    11 ||    96
